TOP OF THE 1ST |
Oklahoma City Dodgers batting - Pitching for Sacramento River Cats : RHP Tim Welshman
|
Pitching: RHP Tim Welshman
|
|
Batting: LHB Frank Mullen
|
0-0: Foul Ball, location: 2F 0-1: Called Strike 0-2: Foul Ball, location: 2F 0-2: Foul Ball, location: 2F 0-2: Strikes out swinging
|
Batting: RHB Jeremy Giesler
|
0-0: Swinging Strike 0-1: Ball 1-1: Foul Ball, location: 2F 1-2: Strikes out swinging
|
Batting: RHB Justin Anastasio
|
0-0: SINGLE (Line Drive, 34D, EV 94.4 MPH)
|
Batting: LHB Kevin Wiebe
|
0-0: Ball 1-0: Ball 2-0: Swinging Strike 2-1: Foul Ball, location: 2F 2-2: Foul Ball, location: 2F 2-2: Ball Justin Anastasio steals 2nd base 3-2: Foul Ball, location: 2F 3-2: Base on Balls
|
Batting: RHB David Rodgers
|
0-0: Called Strike 0-1: Foul Ball, location: 2F 0-2: Ball 1-2: Ball 2-2: Ball 3-2: Fly out, F9 (Line Drive, 9, EV 92.5 MPH)
|
Top of the 1st over - 0 runs, 1 hit, 0 errors, 2 left on base; Oklahoma City 0 - Sacramento 0 |
BOTTOM OF THE 1ST |
Sacramento River Cats batting - Pitching for Oklahoma City Dodgers : RHP Jim Ruleman
|
Pitching: RHP Jim Ruleman
|
|
Batting: LHB Cesar Arteaga
|
0-0: Ground out U3 (Groundball, 3S, EV 88.8 MPH)
|
Batting: RHB Yutaka Oki
|
0-0: Ball 1-0: Swinging Strike 1-1: Called Strike 1-2: Ball 2-2: Fly out, F7 (Flyball, 7D, EV 99.4 MPH)
|
Batting: LHB Carey Horncole
|
0-0: Foul Ball, location: 2F 0-1: Swinging Strike 0-2: Ball 1-2: Ball 2-2: Strikes out looking
|
Bottom of the 1st over - 0 runs, 0 hits, 0 errors, 0 left on base; Oklahoma City 0 - Sacramento 0 |
TOP OF THE 2ND |
Oklahoma City Dodgers batting - Pitching for Sacramento River Cats : RHP Tim Welshman
|
Batting: LHB Dalton Silveira
|
0-0: Ground out U3 (Groundball, 3, EV 85.0 MPH)
|
Batting: RHB Alex Mejia
|
0-0: Ball 1-0: Ball 2-0: Fly out, F7 (Flyball, 7D, EV 103.8 MPH)
|
Batting: RHB Shinji Aizawa
|
0-0: Called Strike 0-1: Ball 1-1: Called Strike 1-2: Strikes out swinging
|
Top of the 2nd over - 0 runs, 0 hits, 0 errors, 0 left on base; Oklahoma City 0 - Sacramento 0 |
BOTTOM OF THE 2ND |
Sacramento River Cats batting - Pitching for Oklahoma City Dodgers : RHP Jim Ruleman
|
Batting: LHB Tom Best
|
0-0: Ball 1-0: Ground out U3 (Groundball, 3S, EV 65.6 MPH)
|
Batting: LHB Kevin Kantor
|
0-0: Called Strike 0-1: Ball 1-1: Foul Ball, location: 2F 1-2: Ball 2-2: Foul Ball, location: 2F 2-2: Ball 3-2: Base on Balls
|
Batting: LHB Terry Ebersole
|
0-0: Foul Ball, location: 2F 0-1: Ball 1-1: Ball 2-1: Ball 3-1: Grounds into double play, 2-4-3 (Groundball, 2L, EV 65.0 MPH)
|
Bottom of the 2nd over - 0 runs, 0 hits, 0 errors, 0 left on base; Oklahoma City 0 - Sacramento 0 |
TOP OF THE 3RD |
Oklahoma City Dodgers batting - Pitching for Sacramento River Cats : RHP Tim Welshman
|
Batting: RHB Sean Tanner
|
0-0: Ball 1-0: Ball 2-0: Ground out 5-3 (Groundball, 56S, EV 84.4 MPH)
|
Batting: LHB Frank Mullen
|
0-0: Foul Ball, location: 2F 0-1: Ball 1-1: Ball 2-1: Swinging Strike 2-2: Ball 3-2: SINGLE (Groundball, 34D, EV 107.5 MPH)
|
Batting: RHB Jeremy Giesler
|
0-0: Foul Ball, location: 2F 0-1: Ball Frank Mullen steals 2nd base 1-1: Ball 2-1: Ground out 5-3 (Groundball, 5S, EV 65.6 MPH) Frank Mullen to third
|
Batting: RHB Justin Anastasio
|
0-0: Ball 1-0: Foul Ball, location: 2F 1-1: Ball 2-1: Ground out 4-3 (Groundball, 4M, EV 108.1 MPH)
|
Top of the 3rd over - 0 runs, 1 hit, 0 errors, 1 left on base; Oklahoma City 0 - Sacramento 0 |
BOTTOM OF THE 3RD |
Sacramento River Cats batting - Pitching for Oklahoma City Dodgers : RHP Jim Ruleman
|
Pitching: RHP Josh Thorne
|
|
Batting: RHB Roberto Duron
|
0-0: Called Strike 0-1: Fly out, F7 (Line Drive, 7D, EV 87.5 MPH)
|
Batting: RHB Tyler Mapes
|
0-0: Fly out, F7 (Flyball, 7S, EV 80.0 MPH)
|
Batting: RHB Martin Guerrero
|
0-0: Ball 1-0: Ball 2-0: Called Strike 2-1: Foul Ball, location: 2F 2-2: Ball 3-2: Foul Ball, location: 2F 3-2: Foul Ball, location: 2F 3-2: Reached on error, E5 (Groundball, 56S, EV 68.8 MPH)
|
Batting: LHB Cesar Arteaga
|
0-0: Ball 1-0: Foul Ball, location: 2F 1-1: Ball 2-1: Fly out, F7 (Flyball, 7LS, EV 80.0 MPH)
|
Bottom of the 3rd over - 0 runs, 0 hits, 1 error, 1 left on base; Oklahoma City 0 - Sacramento 0 |
TOP OF THE 4TH |
Oklahoma City Dodgers batting - Pitching for Sacramento River Cats : RHP Tim Welshman
|
Batting: LHB Kevin Wiebe
|
0-0: Called Strike 0-1: Ball 1-1: Called Strike 1-2: Strikes out swinging
|
Batting: RHB David Rodgers
|
0-0: Foul Ball, location: 2F 0-1: Ball 1-1: Ground out 6-3 (Groundball, 6, EV 100.0 MPH)
|
Batting: LHB Dalton Silveira
|
0-0: Ball 1-0: Ball 2-0: Fly out, F8 (Line Drive, 8LM, EV 90.6 MPH)
|
Top of the 4th over - 0 runs, 0 hits, 0 errors, 0 left on base; Oklahoma City 0 - Sacramento 0 |
BOTTOM OF THE 4TH |
Sacramento River Cats batting - Pitching for Oklahoma City Dodgers : RHP Josh Thorne
|
Batting: RHB Yutaka Oki
|
0-0: Called Strike 0-1: Ball 1-1: Foul Ball, location: 2F 1-2: SINGLE (Groundball, 34D, EV 101.9 MPH)
|
Batting: LHB Carey Horncole
|
0-0: Ball 1-0: Ball 2-0: Ball 3-0: Called Strike 3-1: SINGLE (Groundball, 4D, EV 108.8 MPH) Yutaka Oki to second Runner from 2nd tries for 3rd, SAFE, throw by RF made to third
|
Batting: LHB Tom Best
|
0-0: Foul Ball, location: 2F 0-1: Called Strike 0-2: Ball 1-2: Ball 2-2: Ball 3-2: Strikes out swinging
|
Batting: LHB Kevin Kantor
|
0-0: Ball 1-0: Ball 2-0: Ground out 4-3 (Groundball, 34, EV 103.1 MPH) Yutaka Oki scores Carey Horncole to second
|
Batting: LHB Terry Ebersole
|
0-0: Ball 1-0: Ball 2-0: SINGLE (Groundball, 4MD, EV 96.9 MPH) Carey Horncole to third Throwing error, E8 Carey Horncole scores Terry Ebersole to second
|
Batting: RHB Roberto Duron
|
0-0: Ball 1-0: Ball 2-0: Called Strike 2-1: Called Strike 2-2: Strikes out swinging
|
Bottom of the 4th over - 2 runs, 3 hits, 1 error, 1 left on base; Oklahoma City 0 - Sacramento 2 |
TOP OF THE 5TH |
Oklahoma City Dodgers batting - Pitching for Sacramento River Cats : RHP Tim Welshman
|
Batting: RHB Alex Mejia
|
0-0: Ball 1-0: DOUBLE (Groundball, 5L, EV 104.4 MPH)
|
Batting: RHB Shinji Aizawa
|
0-0: Called Strike 0-1: Ball 1-1: Ball 2-1: Foul Ball, location: 2F 2-2: Foul Ball, location: 2F 2-2: Strikes out looking
|
Batting: RHB Sean Tanner
|
0-0: Ball 1-0: Ground out 6-3 (Groundball, 6, EV 88.1 MPH) Alex Mejia to third
|
Batting: LHB Frank Mullen
|
0-0: Ball 1-0: Called Strike 1-1: Ball 2-1: Fly out, F2 (Popup, 3SF, EV 81.2 MPH)
|
Top of the 5th over - 0 runs, 1 hit, 0 errors, 1 left on base; Oklahoma City 0 - Sacramento 2 |
BOTTOM OF THE 5TH |
Sacramento River Cats batting - Pitching for Oklahoma City Dodgers : RHP Josh Thorne
|
Batting: RHB Tyler Mapes
|
0-0: Called Strike 0-1: Ball 1-1: Ball 2-1: Foul Ball, location: 2F 2-2: Foul Ball, location: 2F 2-2: SINGLE (Line Drive, 78S, EV 93.1 MPH)
|
Batting: RHB Martin Guerrero
|
0-0: Ball 1-0: Ball 2-0: Ball 3-0: DOUBLE (Flyball, 8RXD, EV 103.8 MPH) Tyler Mapes to third
|
Batting: LHB Cesar Arteaga
|
0-0: Called Strike 0-1: Ball 1-1: SINGLE (Groundball, 34, EV 99.4 MPH) Tyler Mapes scores Martin Guerrero to third
|
Pitching: LHP J.P. Blair
|
|
Batting: RHB Yutaka Oki
|
0-0: Ball 1-0: Foul Ball, location: 2F 1-1: Ball Cesar Arteaga is caught stealing 2nd base 2-4 2-1: Called Strike 2-2: SINGLE (Groundball, 5L, EV 107.5 MPH) Martin Guerrero scores
|
Batting: LHB Carey Horncole
|
0-0: Ball 1-0: Called Strike 1-1: SINGLE (Groundball, 6MD, EV 102.5 MPH) (infield hit) Yutaka Oki to second
|
Batting: LHB Tom Best
|
0-0: Ball 1-0: Grounds out, U3 (Groundball, 3L, EV 90.0 MPH) Yutaka Oki to third
|
Batting: LHB Kevin Kantor
|
0-0: Called Strike 0-1: Ball 1-1: Fly out, F5 (Popup, 56, EV 73.8 MPH)
|
Bottom of the 5th over - 2 runs, 5 hits, 0 errors, 2 left on base; Oklahoma City 0 - Sacramento 4 |
TOP OF THE 6TH |
Oklahoma City Dodgers batting - Pitching for Sacramento River Cats : RHP Tim Welshman
|
Batting: RHB Jeremy Giesler
|
0-0: Called Strike 0-1: Ball 1-1: Swinging Strike 1-2: Foul Ball, location: 2F 1-2: Fly out, F8 (Flyball, 89XD, EV 80.0 MPH)
|
Batting: RHB Justin Anastasio
|
0-0: Ball 1-0: Foul Ball, location: 2F 1-1: Foul Ball, location: 2F 1-2: Strikes out swinging
|
Batting: LHB Kevin Wiebe
|
0-0: Foul Ball, location: 2F 0-1: Called Strike 0-2: Ball 1-2: Foul Ball, location: 2F 1-2: Ball 2-2: Ball 3-2: Strikes out swinging
|
Top of the 6th over - 0 runs, 0 hits, 0 errors, 0 left on base; Oklahoma City 0 - Sacramento 4 |
BOTTOM OF THE 6TH |
Sacramento River Cats batting - Pitching for Oklahoma City Dodgers : LHP J.P. Blair
|
Batting: LHB Terry Ebersole
|
0-0: Swinging Strike 0-1: Ball 1-1: Ball 2-1: Ball 3-1: Foul Ball, location: 2F 3-2: Fly out, F8 (Flyball, 8RM, EV 93.1 MPH)
|
Batting: RHB Roberto Duron
|
0-0: Ground out 6-3 (Groundball, 6, EV 100.6 MPH)
|
Batting: RHB Tyler Mapes
|
0-0: Ball 1-0: Ball 2-0: Foul Ball, location: 2F 2-1: Foul Ball, location: 2F 2-2: SOLO HOME RUN (Flyball, 7D, EV 95.0 MPH), Distance : 386 ft
|
Batting: RHB Martin Guerrero
|
0-0: Fly out, F7 (Line Drive, 7, EV 91.9 MPH)
|
Bottom of the 6th over - 1 run, 1 hit, 0 errors, 0 left on base; Oklahoma City 0 - Sacramento 5 |
TOP OF THE 7TH |
Oklahoma City Dodgers batting - Pitching for Sacramento River Cats : RHP Tim Welshman
|
Batting: RHB David Rodgers
|
0-0: Ball 1-0: Ground out 3-1 (Groundball, 13, EV 83.8 MPH)
|
Batting: LHB Dalton Silveira
|
0-0: Ball 1-0: Foul Ball, location: 2F 1-1: Foul Ball, location: 2F 1-2: Ball 2-2: Foul Ball, location: 2F 2-2: Foul Ball, location: 2F 2-2: Ball 3-2: SINGLE (Flyball, 8LS, EV 89.4 MPH)
|
Batting: RHB Alex Mejia
|
0-0: Called Strike Dalton Silveira steals 2nd base (no throw) 0-1: Called Strike Dalton Silveira steals 3rd base 0-2: Foul Ball, location: 2F 0-2: Ball 1-2: Ground out 6-3 (Groundball, 6, EV 88.1 MPH) Dalton Silveira scores
|
Batting: RHB Shinji Aizawa
|
0-0: Called Strike 0-1: Ball 1-1: Foul Ball, location: 2F 1-2: Ball 2-2: DOUBLE (Groundball, 5L, EV 108.8 MPH)
|
Pitching: RHP Fidde Machielsen
|
|
Batting: RHB Sean Tanner
|
0-0: Foul Ball, location: 2F 0-1: Fly out, F9 (Flyball, 9LM, EV 95.0 MPH)
|
Top of the 7th over - 1 run, 2 hits, 0 errors, 1 left on base; Oklahoma City 1 - Sacramento 5 |
BOTTOM OF THE 7TH |
Sacramento River Cats batting - Pitching for Oklahoma City Dodgers : LHP J.P. Blair
|
Pitching: RHP Luke Kinman
|
|
Batting: LHB Cesar Arteaga
|
0-0: Called Strike 0-1: Foul Ball, location: 2F 0-2: Foul Ball, location: 2F 0-2: Fly out, F6 (Flyball, 56D, EV 95.6 MPH)
|
Batting: RHB Yutaka Oki
|
0-0: Called Strike 0-1: Ground out 6-3 (Groundball, 6MS, EV 88.8 MPH)
|
Batting: LHB Carey Horncole
|
0-0: Ball 1-0: Ball 2-0: Foul Ball, location: 2F 2-1: SINGLE (Flyball, 89S, EV 92.5 MPH)
|
Batting: LHB Tom Best
|
0-0: Called Strike 0-1: Ball 1-1: Ball 2-1: Fly out, F6 (Popup, 6D, EV 46.2 MPH)
|
Bottom of the 7th over - 0 runs, 1 hit, 0 errors, 1 left on base; Oklahoma City 1 - Sacramento 5 |
TOP OF THE 8TH |
Oklahoma City Dodgers batting - Pitching for Sacramento River Cats : RHP Fidde Machielsen
|
Batting: LHB Frank Mullen
|
0-0: Ball 1-0: Foul Ball, location: 2F 1-1: Foul Ball, location: 2F 1-2: Hit by Pitch
|
Batting: RHB Jeremy Giesler
|
0-0: Called Strike 0-1: Called Strike 0-2: Ball 1-2: Ball 2-2: Grounds into double play, 6-4-3 (Groundball, 6, EV 88.1 MPH)
|
Batting: RHB Justin Anastasio
|
0-0: Called Strike 0-1: Ball 1-1: Foul Ball, location: 2F 1-2: Ball 2-2: Fly out, F8 (Line Drive, 8RD, EV 98.8 MPH)
|
Top of the 8th over - 0 runs, 0 hits, 0 errors, 0 left on base; Oklahoma City 1 - Sacramento 5 |
BOTTOM OF THE 8TH |
Sacramento River Cats batting - Pitching for Oklahoma City Dodgers : RHP Luke Kinman
|
Batting: LHB Kevin Kantor
|
0-0: Ball 1-0: Called Strike 1-1: Ball 2-1: Ball 3-1: Ground out 4-3 (Groundball, 4M, EV 84.4 MPH)
|
Batting: LHB Terry Ebersole
|
0-0: Ball 1-0: SINGLE (Groundball, 4D, EV 100.0 MPH)
|
Batting: RHB Roberto Duron
|
0-0: Swinging Strike 0-1: Foul Ball, location: 2F 0-2: Ball 1-2: Ball 2-2: Strikes out swinging
|
Batting: RHB Tyler Mapes
|
0-0: Ball 1-0: Ball 2-0: Called Strike 2-1: Ball 3-1: Ground out 5-3 (Groundball, 25, EV 85.0 MPH)
|
Bottom of the 8th over - 0 runs, 1 hit, 0 errors, 1 left on base; Oklahoma City 1 - Sacramento 5 |
TOP OF THE 9TH |
Oklahoma City Dodgers batting - Pitching for Sacramento River Cats : RHP Fidde Machielsen
|
Pitching: RHP Cortez Laris
|
|
Batting: LHB Kevin Wiebe
|
0-0: Ball 1-0: Foul Ball, location: 2F 1-1: Foul Ball, location: 2F 1-2: Strikes out swinging
|
Batting: RHB David Rodgers
|
0-0: Ball 1-0: SINGLE (Line Drive, 6D, EV 95.0 MPH)
|
Batting: LHB Dalton Silveira
|
0-0: Ball 1-0: Ball 2-0: Called Strike 2-1: Swinging Strike 2-2: Ball 3-2: Foul Ball, location: 2F 3-2: Base on Balls David Rodgers to second
|
Pitching: RHP Pat Richardson
|
|
Batting: RHB Alex Mejia
|
0-0: Called Strike 0-1: Called Strike 0-2: SINGLE (Groundball, 6MD, EV 107.5 MPH) David Rodgers to third Dalton Silveira to second
|
Pinch Hitting: LHB Alberto Chavez
|
0-0: Fielders Choice at 2nd, 3-6 (Groundball, 3, EV 78.1 MPH) David Rodgers scores Dalton Silveira to third
|
Pinch Hitting: LHB Jim Chalk
|
0-0: Ground out 4-3 (Groundball, 34, EV 88.1 MPH)
|
Top of the 9th over - 1 run, 2 hits, 0 errors, 2 left on base; Oklahoma City 2 - Sacramento 5 |
|